 Dungeon Crawl Stone Soup version 0.30-a0-939-gc8157cb160 (webtiles) character file.

Game seed: 4347878591872301977

347 DeathPants the Caller (level 6, 0/18 (37) HPs)
             Began as a Tengu Summoner on Mar 25, 2023.
             Constricted to death by Dowan (4 damage)
             ... on level 4 of the Dungeon.
             The game lasted 00:11:16 (2378 turns).

DeathPants the Caller (Tengu Summoner)              Turns: 2378, Time: 00:11:16

HP:   0/18 (37)     AC: 14    Str:  9    XL:     6   Next: 59%
MP:   11/20         EV: 12    Int: 15    God:
Gold: 71            SH:  0    Dex: 16    Spells: 5/11 levels left

rFire   . . .      SeeInvis .    a - +0 dagger (protect)
rCold   . . .      Faith    .    (no shield)
rNeg    . . .      Spirit   .    i - +0 leather armour
rPois   .          Reflect  .    (helmet restricted)
rElec   .          Rampage  .    (no cloak)
rCorr   .                        (no gloves)
Will    .....                    (boots unavailable)
Stlth   ++                       (no amulet)
HPRegen 0.23/turn                j - ring of magical power
MPRegen 0.17/turn                h - +4 ring of protection

@: grasped by roots, under a protective aura, flying quickly and evasively,
constricted, extremely drained, quick
A: beak, talons 3, nimble flight
a: no special abilities


You were on level 4 of the Dungeon.
You visited 1 branch of the dungeon, and saw 4 of its levels.

You collected 71 gold pieces.

Inventory:

Hand Weapons
 a - a +0 dagger of protection (weapon)
Armour
 e - a +0 buckler
 i - a +0 leather armour (worn)
Jewellery
 g - a ring of wizardry
 h - a +4 ring of protection (right hand)
 j - a ring of magical power (left hand)
Scrolls
 c - a scroll of fear
 d - 2 scrolls of immolation
 k - a scroll of amnesia {unknown}
 l - 2 scrolls of noise {unknown}
 m - a scroll of enchant armour {unknown}
 q - a scroll of identify
 r - a scroll of poison {unknown}
Potions
 b - a potion of magic
 f - a potion of heal wounds
 n - a potion of lignification
 o - a potion of curing {unknown}
 p - a potion of resistance {unknown}


   Skills:
 + Level 3.1 Fighting
 + Level 2.0 Short Blades
 + Level 3.2 Dodging
 + Level 3.0 Stealth
 - Level 3.1 Spellcasting
 + Level 6.0 Summonings


You had 5 spell levels left.
You knew the following spells:

 Your Spells              Type           Power      Damage    Failure   Level
a - Summon Small Mammal   Summ           80%        N/A       2%          1
b - Call Imp              Summ           20%        N/A       3%          2
c - Call Canine Familiar  Summ           20%        N/A       7%          3

Your spell library contained the following spells:

 Spells                   Type           Power      Damage    Failure   Level
 Summon Guardian Golem    Hex/Summ       11%        N/A       24%         3
 Summon Lightning Spire   Summ/Air       11%        N/A       63%         4


Dungeon Overview and Level Annotations

Branches:
Dungeon (4/15)
 Temple: D:4-7

Altars:

Annotations:
D:4 Dowan, Duvessa


Innate Abilities, Weirdness & Mutations

You have a beak for a mouth.
You have claws for feet.
Your magical nature lets you fly swiftly and evasively.


Message History

You feel drained.
You hit Duvessa but do no damage. Your kick misses Duvessa.
Duvessa is moderately wounded.
Duvessa misses you.
Your hound barely misses Duvessa.
An endoplasm comes into view.
You closely miss Duvessa. Your kick misses Duvessa. You peck Duvessa.
Duvessa is moderately wounded.
Duvessa hits you but does no damage.
You feel drained.
Your hound bites Duvessa.
The endoplasm barely misses your hound.
Your hound closely misses Duvessa.
Duvessa hits you but does no damage.
You feel drained.
You hit Duvessa but do no damage. You claw Duvessa, but do no damage.
Duvessa is moderately wounded.
Your hound bites Duvessa but does no damage.
Duvessa misses you.
The endoplasm hits your hound but does no damage.
You hit Duvessa but do no damage. You claw Duvessa, but do no damage.
Duvessa is moderately wounded.
Duvessa hits you but does no damage.
You feel drained.
Your hound bites Duvessa.
The endoplasm misses your hound.
Dowan zaps a wand.
The roots erupt in riotous growth!
Roots grab your hound.
The endoplasm is unaffected.
Dowan is unaffected.
The grasping roots grab you!
Duvessa is unaffected.
The grasping roots constrict your hound.
The grasping roots constrict you.
You hit Duvessa but do no damage.
Duvessa is heavily wounded.
Duvessa is no longer moving quickly.
Your hound bites Dowan.
Duvessa hits you with a +2 short sword of draining!
* * * LOW HITPOINT WARNING * * *
You feel drained.
* * * LOW HITPOINT WARNING * * *
Your hound closely misses Dowan.
The endoplasm hits your hound but does no damage.
Dowan barely misses your hound.
The grasping roots constrict your hound.
The grasping roots constrict you.
You die...

#.. ##.. #. ....
#. #.. #. ## ##$#
.. #...###..# #.
........J### ##.
#####.eh@#
#..#####
#...<.##e..# #
#.....
#.######....!..#.#
#).<..
............#.....
.######## #.......
.. ###..... ##
#..... #.....
#.....


You could see Duvessa, Dowan (ally target), an endoplasm and a friendly hound
(summoned, rooted).

Vanquished Creatures
  Sigmund (D:3)
  Terence (D:3)
  An adder (D:2)
  3 gnolls
  2 dart slugs
  An orc (D:3)
  3 bats
  2 endoplasms
  4 goblins
  6 hobgoblins
  2 quokkas
  4 ball pythons
  2 frilled lizards
  A rat (D:1)
33 creatures vanquished.

Vanquished Creatures (collateral kills)
  8 gnolls
  A bat (D:1)
  3 endoplasms
  A giant cockroach (D:4)
  A hobgoblin (D:2)
  A ball python (D:1)
  A frilled lizard (D:1)
  A kobold (D:4)
  A rat (D:2)
18 creatures vanquished.

Grand Total: 51 creatures vanquished

Notes
Turn   | Place    | Note
-------+----------+-------------------------------------------
     0 | D:1      | DeathPants the Tengu Summoner began the quest for the Orb.
     0 | D:1      | Reached XP level 1. HP: 10/10 MP: 4/4
   239 | D:1      | Reached skill level 5 in Summonings
   239 | D:1      | Reached XP level 2. HP: 16/16 MP: 4/6
   242 | D:1      | Learned a level 2 spell: Call Imp
   483 | D:1      | Reached skill level 1 in Fighting
  1111 | D:2      | Reached XP level 3. HP: 20/20 MP: 7/7
  1259 | D:2      | Reached XP level 4. HP: 21/26 MP: 9/9
  1528 | D:2      | Learned a level 3 spell: Call Canine Familiar
  1569 | D:2      | Gained mutation: Your magical nature lets you fly swiftly
                  | and evasively. [Tengu growth]
  1569 | D:2      | Reached XP level 5. HP: 30/30 MP: 10/10
  1756 | D:2      | Found a faded altar of an unknown god.
  1845 | D:3      | Noticed Sigmund
  1864 | D:3      | Killed Sigmund
  1865 | D:3      | Reached skill level 1 in Short Blades
  1865 | D:3      | Reached XP level 6. HP: 32/37 MP: 11/11
  2139 | D:3      | Noticed Terence
  2156 | D:3      | Killed Terence
  2301 | D:3      | Reached skill level 6 in Summonings
  2333 | D:4      | Noticed Duvessa
  2338 | D:4      | Noticed Dowan
  2378 | D:4      | Constricted to death by Dowan

Illustrated notes

Levels and vault maps discovered:
D:1:      reono_arrival_mine, layout_basic
D:2:      wander_river, layout_loops_ring, shapermc_ecumenical_altar_acropolis
D:3:      layout_loops_ring, st_stairs_7, uniq_sigmund, uniq_natasha,
          uniq_terence
D:4:      layout_rooms, gammafunk_temple_overflow_elements, uniq_duvessa

Skill      XL: |  1  2  3  4  5  6 |
---------------+-------------------+-----
Summonings     | 5 6 |  6.0
Fighting       | 1 2 3 |  3.1
Spellcasting   | 3 |  3.1
Short Blades   | 1 2 |  2.0
Dodging        | 3 |  3.2
Stealth        | 3 |  3.0

Action                     |  1- 3 |  4- 6 || total
---------------------------+-------+-------++-------
  Melee: Short sword       |    15 |       ||    15
         Dagger            |    27 |    92 ||   119
         Kick              |     7 |    34 ||    41
         Peck              |     3 |    19 ||    22
   Cast: Summon Small Mamm |    13 |     2 ||    15
         Call Imp          |     8 |    16 ||    24
         Call Canine Famil |       |     4 ||     4
    Use: Scroll            |     2 |     2 ||     4
   Stab: Sleeping          |     2 |     2 ||     4
 Armour: Robe              |    12 |       ||    12
         Leather armour    |     7 |    33 ||    40
  Dodge: Dodged            |    32 |    47 ||    79

Table legend: (Time is in decaauts)
 A = Elapsed time spent in this place.
 B = Non-inter-level travel time spent in this place.
 C = Inter-level travel time spent in this place.
 D = Time resting spent in this place.
 E = Time spent auto-exploring this place.
 F = Levels seen in this place.
 G = Mean time per level.
                   A        B        C        D        E       F      G
               +--------+--------+--------+--------+--------+-----+--------+
         Total |   2320 |   2302 |     18 |     24 |   1484 |   4 |  580.0 |
       Dungeon |   2320 |   2302 |     18 |     24 |   1484 |   4 |  580.0 |
               +--------+--------+--------+--------+--------+-----+--------+

Top non-repeatable levels by time:
     D:2: 1043 daAuts
     D:1: 905 daAuts
     D:3: 312 daAuts
     D:4: 59 daAuts
